 Dungeon Crawl Stone Soup version 0.21.1-1-g345015fe64 (webtiles) character file.

18 KleinerIrrer the Sneak (level 2, -2/19 HPs)
             Began as an Octopode Assassin on Mar 25, 2018.
             Slain by a rat (3 damage)
             ... on level 1 of the Dungeon.
             The game lasted 00:01:34 (302 turns).

KleinerIrrer the Sneak (Octopode Assassin)           Turns: 302, Time: 00:01:35

Health: -2/19      AC:  1    Str: 10    XL:     2   Next: 70%
Magic:  2/2        EV: 13    Int: 13    God:
Gold:   32         SH:  0    Dex: 13    Spells: 1/1 levels left

rFire    . . .     SeeInvis .   a - +2 dagger
rCold    . . .     Gourm    .   (no shield)
rNeg     . . .     Faith    .   (helmet restricted)
rPois    .         Spirit   .   (no amulet)
rElec    .         Reflect  .   (no ring)
rCorr    .         Harm     .   (no ring)
MR       .....                  (no ring)
Stlth    ++++......             (no ring)
HPRegen  0.06/turn              (no ring)
MPRegen  0.08/turn              (no ring)
                                (no ring)
                                (no ring)

@: no status effects
A: almost no armour, stealthy swim, amphibious, 8 rings, constrict 8, camouflage
1, gelatinous body 1
a: no special abilities


You were on level 1 of the Dungeon.
You were not hungry.

You visited 1 branch of the dungeon, and saw 2 of its levels.

You collected 32 gold pieces.

Inventory:

Hand Weapons
 a - a +2 dagger (weapon)
 b - a +0 blowgun
Missiles
 c - 8 poisoned needles
 d - 2 curare-tipped needles
Scrolls
 e - a scroll of magic mapping {unknown}
 h - a scroll of immolation {unknown}
Comestibles
 f - a ration
 g - a chunk of flesh


   Skills:
 * Level 2.2 Fighting
 - Level 2.0 Short Blades
 - Level 2.0 Throwing
 * Level 1.4 Dodging
 + Level 6.0 Stealth


You had one spell level left.
You didn't know any spells.

Dungeon Overview and Level Annotations

Branches:
Dungeon (2/15)

Altars:


Innate Abilities, Weirdness & Mutations

You cannot wear most types of armour.
You are very stealthy in the water. (Stealth+)
You are amphibious.
You can wear up to eight rings at the same time.
You can use your tentacles to constrict eight enemies at once.
Your skin changes colour to match your surroundings (Stealth+).
Your rubbery body absorbs attacks. (AC +1, EV +1)


Message History

You barely miss the kobold. You grab the kobold.
You kill the kobold!
The rat misses you.
The giant cockroach waves its antennae.
The rat closely misses you.
You see here a hunting sling.
The kobold hits you but does no damage. The rat bites you but does no damage.
The kobold completely misses you.
You hit the giant cockroach. You grab the giant cockroach.
You squeeze the giant cockroach.
The giant cockroach is severely wounded.
You constrict the giant cockroach.
The giant cockroach bites you but does no damage.
The kobold hits you with a short sword.
* * * LOW HITPOINT WARNING * * *
The rat barely misses you. The giant cockroach closely misses you.
You closely miss the kobold. You grab the kobold. You constrict the kobold.
You constrict the giant cockroach, but do no damage.
The kobold closely misses you. The rat bites you.
You die...

....>....#..##............
...........###............
..........................
...........$##............
.........##...(...........
.........#######)..........
...........................
######.#..........†###.....
...........@r)........
...........sK..........
.###........[#........>.
.................)
.......#..........
......##.......... ......
.........##
......##.........


You could see a giant cockroach, a kobold and a rat.

Vanquished Creatures
  A dart slug (D:1)
  4 goblins
  3 hobgoblins
  2 kobolds (D:1)
  2 frilled lizards
  3 rats (D:1)
15 creatures vanquished.

Notes
Turn   | Place    | Note
-------+----------+-------------------------------------------
     0 | D:1      | KleinerIrrer the Octopode Assassin began the quest for the Orb.
     0 | D:1      | Reached XP level 1. HP: 14/14 MP: 1/1
    69 | D:2      | Reached XP level 2. HP: 13/19 MP: 2/2
   285 | D:1      | Reached skill level 6 in Stealth
   302 | D:1      | Slain by a rat

Skill      XL: |  1  2 |
---------------+-------+-----
Stealth        | 6 |  6.0
Fighting       | |  2.2
Short Blades   | |  2.0
Throwing       | |  2.0
Dodging        | |  1.4

Action                   || total
-------------------------++-------
Melee: Dagger            ||    33
       Constrict         ||    11
       Tentacles         ||     7
 Stab: Sleeping          ||     3
Armor: Skin              ||     3
Dodge: Dodged            ||    16
